 Dungeon Crawl Stone Soup version 0.14.0-18-g0341e45 (webtiles) character file.

36377 Qrupt the Infuser (level 13, -4/71 HPs)
             Began as a High Elf Fire Elementalist on Apr 20, 2014.
             Was a Priest of Ashenzari.
             Slain by Rupert
             ... wielding a +2,+5 executioner's axe of chopping
              (46 damage)
             ... on Level 7 of the Lair of Beasts.
             The game lasted 02:10:16 (24292 turns).

Qrupt the Infuser (High Elf Fire Elementalist)     Turns: 24292, Time: 02:10:16

HP  -4/71        AC 14     Str  7      XL: 13   Next: 48%
MP  11/33        EV 24     Int 23      God: Ashenzari [***...]
Gold 823         SH 15     Dex 18      Spells:  9 memorised,  1 level left

rFire  . . .     SeeInvis +     z - +3,+2 whip (elec) (curse)
rCold  + . .     Clarity  +     A - +2 robe of the Wasteland {rC+}
rNeg   . . .     Conserve .     K - +0 buckler (curse)
rPois  .         rCorr    .     P - +0 helmet (curse)
rElec  .         rRot     .     m - +0 cloak (curse)
SustAb . .       Spirit   .     (no gloves)
rMut   .         Warding  .     (no boots)
Saprov . . .     Stasis   .     (no amulet)
MR     +....                    F - cursed ring of Robustness {AC+8}
                                p - cursed +4 ring of evasion

@: somewhat resistant to hostile enchantments, stealthy
A: no striking features
a: Renounce Religion


You were on level 7 of the Lair of Beasts.
You worshipped Ashenzari.
Ashenzari was most pleased with you.
You were not hungry.

You visited 3 branches of the dungeon, and saw 19 of its levels.
You also visited: Sewer.

You collected 865 gold pieces.
You spent 42 gold pieces at shops.

Inventory:

Hand weapons
 z - a cursed +3,+2 whip of electrocution (weapon)
Armour
 m - a cursed +0 cloak (worn)
 A - the cursed +2 robe of the Wasteland (worn) {rC+}
   (You found it on level 11 of the Dungeon)

   It protects you from cold.
   It has a curse placed upon it.
 K - a cursed +0 buckler (worn)
 P - a cursed +0 helmet (worn)
Magical devices
 a - a wand of digging (23)
 k - a wand of disintegration (9)
Comestibles
 d - a royal jelly
 v - 8 meat rations
Scrolls
 b - a scroll of holy word {unknown}
 c - 2 scrolls of fear
 e - 10 scrolls of remove curse
 f - 3 scrolls of recharging
 h - a scroll of enchant weapon I
 j - 2 scrolls of magic mapping
 n - 5 scrolls of teleportation
 o - 9 scrolls of identify
 w - 3 scrolls of fog
 C - 2 scrolls of curse armour
Jewellery
 p - a cursed +4 ring of evasion (left hand)
 r - an uncursed ring of sustain abilities
 F - the cursed ring of Robustness (right hand) {AC+8}
   (You found it on level 1 of the Lair of Beasts)

   [ring of protection]

   It affects your AC (+8).
   It has a curse placed upon it.
Potions
 g - 10 potions of heal wounds
 i - a potion of restore abilities
 l - a potion of resistance
 q - 13 potions of curing
 s - 2 potions of haste
 x - a potion of brilliance
 E - a potion of invisibility
 G - a potion of might


   Skills:
 - Level 8.9(10.7) Dodging
 - Level 2.1(3.6) Stealth
 - Level 9.5(11.2) Shields
 + Level 10.0 Spellcasting
 + Level 8.5(10.4) Conjurations
 - Level 12.0(13.6) Charms
 + Level 8.6(10.4) Fire Magic
 - Level 11.0(12.7) Air Magic


You had one spell level left.
You knew the following spells:

 Your Spells              Type           Power        Failure   Level  Hunger
a - Flame Tongue          Conj/Fire      #####        1%          1    None
b - Conjure Flame         Conj/Fire      ######..     1%          3    None
c - Sticky Flame          Conj/Fire      ######..     1%          4    #......
d - Fireball              Conj/Fire      ######....   2%          5    ###....
e - Haste                 Chrm           ######..     3%          6    ######.
f - Deflect Missiles      Chrm/Air       ######....   4%          6    ######.
g - Mephitic Cloud        Conj/Pois/Air  #####...     1%          3    None
h - Blink                 Tloc           N/A          10%         2    None
i - Apportation           Tloc           ##........   6%          1    None


Dungeon Overview and Level Annotations

Branches:
Dungeon (11/15)            Temple (1/1) D:4             Orc (0/4) D:10
   Lair (7/8) D:11         Shoals (0/5) Lair:6       Spider (0/5) Lair:4
  Slime: Lair:6-8

Altars:
Ashenzari
Cheibriados
Dithmenos
Elyvilon
Fedhas
Kikubaaqudgha
Makhleb
Nemelex Xobeh
Okawaru
Sif Muna
Trog
Vehumet
Xom
Yredelemnul
Zin
The Shining One
Beogh

Shops:
D:5 !   D:8 (   D:11 ?

Annotations:
Lair:7 Rupert


Message History

The sticky flame hits Rupert.
Rupert is heavily wounded.
Rupert burns!
The green rat burns!
Rupert screams, "Give me the Holy Grail!"
Rupert roars madly and goes into a rage!
Rupert goes berserk!
The green rat completely misses you.
You hit the green rat.
You kill the green rat!
Rupert burns!
Rupert is engulfed in roaring flames.
Rupert misses you.
Rupert is engulfed in roaring flames.
Rupert hits you with an executioner's axe of chopping!
You hit Rupert but do no damage.
Rupert is heavily wounded.
Rupert burns!
Rupert is engulfed in roaring flames.
You block Rupert's attack.
You hit Rupert but do no damage.
There is a sudden explosion of sparks!
Rupert is severely wounded.
Rupert burns!
Rupert is engulfed in roaring flames.
Rupert hits you with an executioner's axe of chopping!
Ouch! That really hurt!
You die...

..........#....>..............
.....#..#.#P.........%.......
.....##..#............#....<.
,
......#...#.............ff.#.
, ...##.....#.............#f..
........................... ,
...P..#..........(....... ,,
....##................... , ,
................@.ยงยง.....
...........#.$#..@....### * *
...#.#f...#...#....#...#*
.....Pf..#.f..##.P....## ,
....%..................
....##..####..........., , ...
,#...#*..#........ , .)
......P....#..... , ,
...........#..P


You could see Rupert (berserk).

Vanquished Creatures
  Snorg (Lair:2)
  Fannar (Lair:1)
  The ghost of mk83 the Slinger, a powerful HaHu of Fedhas (Lair:6)
  4 hydras
  A death yak (Lair:6)
  Nergalle (D:10)
  Erolcha (D:8)
  3 hill giants (D:10)
  Pikel (D:4)
  4 black mambas
  A manticore (D:11)
  A feature mimic (D:10)
  A gargoyle (D:11)
  Psyche (D:8)
  4 spiny frogs
  6 komodo dragons
  5 giant fireflies (Lair:3)
  A catoblepas zombie (D:10)
  2 trolls
  Prince Ribbit (D:4)
  4 blink frogs (Lair:6)
  7 spectral orcs (D:10)
  A basilisk (Lair:4)
  2 elephant slugs (Lair:5)
  Eustachio (D:8)
  31 yaks
  Grum (D:9)
  2 wyverns
  A hungry ghost (D:9)
  11 wolves
  2 hippogriffs
  A hill giant skeleton (D:11)
  A steam dragon (Lair:3)
  2 necrophages (D:8)
  7 water moccasins
  9 orc warriors
  7 porcupines
  3 ice beasts
  5 ogres
  3 phantoms
  2 giant goldfish
  A yellow wasp (D:10)
  15 crocodiles
  4 sky beasts
  3 centaurs
  Duvessa (D:4)
  10 giant slugs
  5 big kobolds
  23 giant frogs
  3 killer bees (D:8)
  10 wights
  4 scorpions
  2 electric eels
  Dowan (D:4)
  4 crimson imps
  4 orc priests
  4 goliath beetles
  16 hounds
  5 jellies
  7 big fish
  4 iguanas
  An orange rat (D:9)
  11 worker ants
  Natasha (thrice) (D:4)
  A giant frog skeleton (D:4)
  4 orc wizards
  Ijyb (D:4)
  18 sheep
  A mummy (D:9)
  A hound skeleton (D:8)
  25 adders
  51 green rats
  A scorpion zombie (D:9)
  3 shadow imps
  5 giant mites
  4 worms
  2 orc zombies (D:5)
  2 adder skeletons
  5 giant eyeballs
  6 giant geckos
  3 oozes
  34 orcs
  14 bats
  11 hobgoblins
  18 jackals
  30 kobolds
  13 quokkas
  14 ball pythons
  7 giant cockroaches
  3 giant newts
  A giant spore (D:10)
  A gnoll skeleton (D:4)
  8 goblins
  A hobgoblin zombie (D:5)
  A kobold skeleton (D:5)
  An orc skeleton (D:8)
  57 rats
  A rat zombie (D:5)
  2 ballistomycetes (D:10)
635 creatures vanquished.

Vanquished Creatures (others)
  A worker ant (D:9)
  A hound (D:4)
  A sky beast zombie (D:9)
  A worm (D:4)
  A giant cockroach (D:4)
  A fungus (Lair:2)
  2 plants (Lair:2)
8 creatures vanquished.

Grand Total: 643 creatures vanquished

Notes
Turn   | Place    | Note
--------------------------------------------------------------
     0 | D:1      | Qrupt, the High Elf Fire Elementalist, began the quest for the Orb.
     0 | D:1      | Reached XP level 1. HP: 11/11 MP: 4/4
   281 | D:1      | Found a sparkling altar of Nemelex Xobeh.
   285 | D:1      | Reached XP level 2. HP: 17/17 MP: 1/6
  1094 | D:1      | Reached XP level 3. HP: 21/21 MP: 7/9
  1246 | D:2      | Learned a level 3 spell: Conjure Flame
  1876 | D:2      | Reached XP level 4. HP: 27/27 MP: 8/12
  2012 | D:2      | Found a bloodstained altar of Trog.
  2017 | D:2      | Found an iron altar of Okawaru.
  2381 | D:3      | Reached skill level 4 in Fire Magic
  2606 | D:3      | Found a glowing silver altar of Zin.
  2785 | D:4      | Noticed Prince Ribbit
  2785 | D:4      | Noticed an ogre
  2804 | D:3      | Learned a level 4 spell: Sticky Flame
  2818 | D:4      | Noticed Natasha
  2826 | D:4      | Killed Natasha
  2826 | D:4      | Reached XP level 5. HP: 20/31 MP: 8/15
  3007 | D:4      | Noticed a phantom
  3026 | D:4      | Killed a phantom
  3219 | D:4      | Killed Prince Ribbit
  3219 | D:4      | Reached skill level 5 in Spellcasting
  3219 | D:4      | Reached skill level 5 in Fire Magic
  3219 | D:4      | Reached XP level 6. HP: 17/36 MP: 10/20
  3315 | D:4      | Noticed Natasha
  3319 | D:4      | Killed Natasha
  3365 | D:4      | Killed an ogre
  3365 | D:4      | Reached XP level 7. HP: 38/41 MP: 16/22
  3426 | D:4      | Noticed an ogre
  3436 | D:4      | Killed an ogre
  3436 | D:4      | Reached skill level 5 in Conjurations
  3497 | D:4      | Noticed Natasha
  3506 | D:4      | Killed Natasha
  3774 | D:4      | Noticed a slave
  3775 | D:4      | Noticed a slave
  3775 | D:4      | Noticed a slave
  3776 | D:4      | Noticed a slave
  3777 | D:4      | Noticed Pikel
  3785 | D:4      | Killed Pikel
  3785 | D:4      | Reached skill level 6 in Spellcasting
  3785 | D:4      | Reached XP level 8. HP: 46/46 MP: 11/24
  3792 | D:4      | Learned a level 5 spell: Fireball
  3871 | D:4      | Found a glowing silver altar of Zin.
  3983 | D:4      | Noticed Ijyb
  3991 | D:4      | Killed Ijyb
  4130 | D:4      | Found a glowing golden altar of the Shining One.
  4134 | D:4      | Found a basalt altar of Yredelemnul.
  4183 | D:4      | Found a staircase to the Ecumenical Temple.
  4186 | D:4      | Noticed Duvessa
  4186 | D:4      | Noticed Dowan
  4191 | D:4      | Killed Duvessa
  4191 | D:4      | Reached skill level 7 in Spellcasting
  4294 | D:4      | Killed Dowan
  4372 | D:5      | Entered Level 5 of the Dungeon
  4378 | D:5      | Found a glowing drain.
  4394 | Sewer    | Entered a sewer
  5205 | D:5      | Found a snail-covered altar of Cheibriados.
  5252 | D:5      | HP: 2/46 [poisoned by a worker ant]
  5725 | D:5      | Got a pitted plate armour
  5727 | D:5      | Identified the +1 plate armour of Free Expression {Dex+3 Acc+5} (You found it on level 5 of the Dungeon)
  5786 | D:5      | Found Caywnatt's Distillery.
  5789 | D:5      | Bought a potion of heal wounds for 42 gold pieces
  5813 | D:5      | Reached XP level 9. HP: 32/51 MP: 16/27
  5973 | D:6      | Reached skill level 8 in Spellcasting
  6322 | D:6      | Found a shadowy altar of Dithmenos.
  6481 | D:6      | You fall through a shaft!
  6568 | D:7      | Found a glowing golden altar of the Shining One.
  6715 | D:7      | Got a heavily runed ring mail
  6724 | D:7      | Identified the +3 ring mail of Trog's Scorn {Dex-3 Int+3} (You found it on level 7 of the Dungeon)
  6823 | D:7      | Reached skill level 1 in Shields
  6977 | D:7      | Found a blossoming altar of Fedhas.
  7252 | D:7      | Paralysed by a giant eyeball for 4 turns
  7273 | D:8      | Noticed Erolcha
  7609 | D:8      | Reached skill level 9 in Spellcasting
  7694 | D:8      | Learned a level 6 spell: Haste
  7717 | D:8      | Found Olaurrao's Antique Weapon Emporium.
  7718 | D:8      | Noticed Eustachio
  7794 | D:8      | Reached skill level 1 in Charms
  7818 | D:8      | Killed Eustachio
  7849 | D:8      | Noticed Psyche
  7860 | D:8      | Killed Psyche
  7860 | D:8      | Reached XP level 10. HP: 43/56 MP: 9/29
  8334 | D:8      | Killed Erolcha
  8544 | D:8      | Reached skill level 5 in Charms
  8582 | D:8      | Reached skill level 5 in Shields
  8970 | D:9      | Found a shimmering altar of Xom.
  9058 | D:9      | Noticed Grum
  9209 | D:9      | Killed Grum
  9587 | D:9      | Found a radiant altar of Vehumet.
  9808 | D:9      | Learned a level 6 spell: Deflect Missiles
  9980 | D:9      | Paralysed by a giant eyeball for 2 turns
 10617 | D:10     | Entered Level 10 of the Dungeon
 10808 | D:10     | Reached XP level 11. HP: 61/61 MP: 13/30
 10940 | D:10     | Noticed Nergalle
 10992 | D:10     | HP: 2/61 [Nergalle/wand of lightning (25)]
 11002 | D:10     | Killed Nergalle
 11151 | D:10     | Noticed a hill giant
 11170 | D:10     | Killed a hill giant
 11404 | D:10     | Noticed a hill giant
 11413 | D:10     | Killed a hill giant
 11921 | D:10     | Found a roughly hewn altar of Beogh.
 12029 | D:10     | Found a staircase to the Orcish Mines.
 12646 | D:10     | Got a bloodstained leather armour
 12657 | D:10     | Identified the +0 leather armour of Dyspraxia {Str+4} (You found it on level 10 of the Dungeon)
 12708 | D:11     | Found a glowing silver altar of Zin.
 12742 | D:11     | Found Guguacin's Magic Scroll Boutique.
 12787 | D:11     | Learned a level 3 spell: Mephitic Cloud
 12807 | D:11     | Reached skill level 10 in Charms
 12858 | D:11     | Found a staircase to the Lair.
 13788 | D:11     | Got an ichor-stained robe
 13797 | D:11     | Identified the +2 robe of the Wasteland {rC+} (You found it on level 11 of the Dungeon)
 13866 | D:10     | Noticed a hill giant
 13875 | D:10     | Killed a hill giant
 14030 | Temple   | Entered the Ecumenical Temple
 14190 | Temple   | Became a worshipper of Ashenzari the Shackled
 14475 | Lair:1   | Entered Level 1 of the Lair of Beasts
 14475 | Lair:1   | Noticed Fannar
 14486 | Lair:1   | Killed Fannar
 14486 | Lair:1   | Reached skill level 11 in Charms
 14604 | Lair:1   | Got the uncursed leather armour of the Countless Seas {rN+ Dex+2 Acc+4}
 14772 | Lair:1   | Noticed a six-headed hydra
 14793 | Lair:1   | Killed a six-headed hydra
 15102 | Lair:1   | Reached XP level 12. HP: 66/66 MP: 16/31
 15188 | Lair:1   | Noticed a five-headed hydra
 15219 | Lair:1   | Killed a five-headed hydra
 15689 | Lair:1   | Learned a level 2 spell: Blink
 15990 | Lair:2   | Identified the +3 leather armour of the Countless Seas {rN+ Dex+2 Acc+4} (You found it on level 1 of the Lair of Beasts)
 15993 | Lair:2   | Reached skill level 10 in Spellcasting
 16037 | Lair:2   | Reached skill level 12 in Charms
 16123 | Lair:2   | Reached skill level 1 in Air Magic
 16276 | Lair:2   | Noticed an eight-headed hydra
 16282 | Lair:2   | Noticed a six-headed hydra
 16287 | Lair:2   | Killed an eight-headed hydra
 16290 | Lair:2   | Killed a six-headed hydra
 16290 | Lair:2   | Reached skill level 5 in Air Magic
 16481 | Lair:2   | Learned a level 1 spell: Apportation
 17822 | Lair:3   | Noticed Snorg
 18107 | Lair:2   | Killed Snorg
 18642 | Lair:3   | Reached skill level 10 in Air Magic
 19531 | Lair:4   | Found a hole to the Spider Nest.
 21125 | Lair:5   | Acquired Ashenzari's first power
 21172 | Lair:5   | Reached XP level 13. HP: 71/71 MP: 30/33
 21825 | Lair:6   | Found a staircase to the Shoals.
 22241 | Lair:6   | Noticed mk83's ghost (powerful HaHu)
 22256 | Lair:6   | Reached skill level 5 in Dodging
 22387 | Lair:6   | Killed mk83's ghost
 24130 | Lair:7   | Acquired Ashenzari's second power
 24281 | Lair:7   | Noticed Rupert
 24292 | Lair:7   | Slain by Rupert

Action                   |  1- 3 |  4- 6 |  7- 9 | 10-12 | 13-15 || total
-------------------------+-------+-------+-------+-------+-------++-------
Melee: Unarmed           |    15 |       |       |       |       ||    15
       Dagger            |     7 |     4 |     9 |       |       ||    20
       Whip              |       |       |    76 |   384 |   140 ||   600
 Cast: Flame Tongue      |    68 |    60 |   246 |   441 |   105 ||   920
       Sticky Flame      |       |     4 |    20 |   126 |    53 ||   203
       Conjure Flame     |       |       |     6 |    47 |    19 ||    72
       Fireball          |       |       |    19 |    28 |     1 ||    48
       Haste             |       |       |       |     2 |       ||     2
       Blink             |       |       |       |       |     1 ||     1
Evoke: Wand              |       |       |     3 |     6 |       ||     9
  Use: Scroll            |       |       |    18 |    17 |     2 ||    37
       Potion            |       |       |     1 |     9 |       ||    10
 Stab: Sleeping          |       |       |     2 |     3 |     1 ||     6
